 Dungeon Crawl Stone Soup version 0.18-b1-2-gd0c887e (webtiles) character file.

2069 Alarkh the Martial Artist (level 9, -3/62 HPs)
             Began as an Octopode Transmuter on Apr 28, 2016.
             Was a Priest of Okawaru.
             Slain by an orc warrior
             ... wielding a +0 hand axe
              (21 damage)
             ... on level 8 of the Dungeon.
             The game lasted 00:13:03 (7325 turns).

Alarkh the Martial Artist (Octopode Transmuter)     Turns: 7325, Time: 00:13:04

Health: -3/62      AC:  2    Str:  9    XL:     9   Next: 26%
Magic:  8/12       EV: 23    Int: 22    God:    Okawaru [***...]
Gold:   497        SH:  0    Dex: 20    Spells: 3 memorised, 2 levels left

rFire  + . .     SeeInvis .       - Unarmed
rCold  . . .     Gourm    .     (shield currently unavailable)
rNeg   . . .     Faith    .     (helmet currently unavailable)
rPois  .         Spirit   .     (no amulet)
rElec  .         Dismiss  .     t - ring of poison resistance
rCorr  .         Reflect  .     F - +3 ring of dexterity
SustAt .         Harm     .     u - ring of the Frog {rF+ Int+3 Stlth-}
MR     .....                    (no ring)
Stlth  +.........               (no ring)
                                (no ring)
                                (no ring)
                                (no ring)

@: spider-form, not resistant to hostile enchantments, very unstealthy
A: almost no armour, (amphibious), 8 rings, (constrict 8), (camouflage 0),
(gelatinous body 0)
a: End Transformation, Heroism, Renounce Religion


You were on level 8 of the Dungeon.
You worshipped Okawaru.
Okawaru was most pleased with you.
You were not hungry.
You were a venomous arachnid creature.
You visited 2 branches of the dungeon, and saw 9 of its levels.

You collected 497 gold pieces.

Inventory:

Missiles
 i - 33 poisoned needles
 w - 2 throwing nets (quivered)
Jewellery
 t - a ring of poison resistance (left front leg)
 u - the ring of the Frog (on tentacle) {rF+ Int+3 Stlth-}
   (You found it on level 6 of the Dungeon)

   [ring of loudness]

   It affects your intelligence (+3).
   It protects you from fire.
   It makes you less stealthy.
 F - a +3 ring of dexterity (right front leg)
Wands
 E - a wand of slowing (32/48)
Scrolls
 e - 4 scrolls of teleportation
 h - 3 scrolls of fear
 m - 4 scrolls of enchant armour {unknown}
 n - 3 scrolls of blinking
 p - a scroll of random uselessness {unknown}
 q - a scroll of recharging {unknown}
 r - 4 scrolls of magic mapping {unknown}
 s - a scroll of identify
 z - a scroll of remove curse {unknown}
 B - a scroll of noise {unknown}
Potions
 d - 2 potions of brilliance
 j - a potion of flight
 l - 2 potions of curing
 o - 2 potions of mutation
Books
 a - a Fen Folio

   Spells                             Type                      Level
   a - Corpse Rot                     Necromancy                   2
   b - Stone Arrow                    Conjuration/Earth            3
   c - Leda's Liquefaction            Hexes/Earth                  4
   d - Summon Forest                  Summoning/Translocation      5
   e - Hydra Form                     Transmutation                6
   f - Summon Hydra                   Summoning                    7
 b - a book of Changes

   Spells                             Type                      Level
   a - Beastly Appendage              Transmutation                1
   b - Sticks to Snakes               Transmutation                2
   c - Spider Form                    Transmutation/Poison         3
   d - Ice Form                       Ice/Transmutation            4
   e - Blade Hands                    Transmutation                5
 k - a book of Dreams

   Spells                             Type                      Level
   a - Ensorcelled Hibernation        Hexes/Ice                    2
   b - Silence                        Hexes/Air                    5
   c - Darkness                       Hexes                        6
   d - Shadow Creatures               Summoning                    6
 y - the Reference Book on Cloudy Contamination
   (You found it on level 5 of the Dungeon)

   Spells                             Type                      Level
   a - Sting                          Conjuration/Poison           1
   b - Shock                          Conjuration/Air              1
   c - Swiftness                      Charms/Air                   2
   d - Summon Lightning Spire         Summoning/Air                4
   e - Deflect Missiles               Charms/Air                   6
   f - Poisonous Cloud                Conjuration/Poison/Air       6
 C - a book of Power

   Spells                             Type                      Level
   a - Fulminant Prism                Conjuration/Hexes            4
   b - Iskenderun's Mystic Blast      Conjuration                  4
   c - Venom Bolt                     Conjuration/Poison           5
   d - Bolt of Magma                  Conjuration/Fire/Earth       5
   e - Iron Shot                      Conjuration/Earth            6
   f - Orb of Destruction             Conjuration                  7
   g - Spellforged Servitor           Conjuration/Summoning        7
Comestibles
 c - 6 bread rations
 f - 3 slices of pizza
 g - 6 meat rations
 v - 2 fruits
 x - a beef jerky
 A - 3 chunks of flesh


   Skills:
 + Level 6.2 Fighting
 + Level 4.4 Dodging
 * Level 9.8 Unarmed Combat
 - Level 2.0 Spellcasting
 - Level 2.0 Transmutations


You had 2 spell levels left.
You knew the following spells:

 Your Spells              Type           Power        Failure   Level  Hunger
a - Beastly Appendage     Trmt           ##....       21%         1    #......
b - Spider Form           Trmt/Pois      #.........   50%         3    ###....
d - Deflect Missiles      Chrm/Air       #.........   100%        6    #######


Dungeon Overview and Level Annotations

Branches:
Dungeon (8/15)             Temple (1/1) D:4
   Lair: D:8-11

Altars:
Ashenzari
Cheibriados
Dithmenos
Elyvilon
Fedhas
Gozag
Kikubaaqudgha
Makhleb
Nemelex Xobeh
Okawaru
Pakellas
Qazlal
Ru
Sif Muna
Trog
Vehumet
Xom
Yredelemnul
Zin
The Shining One

Shops:
D:8 =

Annotations:
D:7 herpmino's ghost, novice VSGl


Innate Abilities, Weirdness & Mutations

You cannot wear most types of armour.
((You are amphibious.))
You can wear up to eight rings at the same time.
((You can use your tentacles to constrict eight enemies at once.))
((Your skin changes colour to match your surroundings (Stealth).))
((Your rubbery body absorbs attacks (AC +1).))


Message History

a shortbow; 16 arrows; a centaur corpse You hit the orc warrior but do no damage.
An orc comes into view. It is wielding a mace.
You bite the orc warrior!
The orc warrior is moderately wounded.
You barely miss the orc warrior.
The orc warrior is moderately wounded.
Your transformation has ended.
The orc warrior misses you. The orc hits you with a mace.
You tentacle-slap the orc warrior. You grab the orc warrior.
The orc warrior is moderately wounded.
You constrict the orc warrior, but do no damage.
The orc warrior hits you with a hand axe!
Casting: Spider Form
Confirm with . or Enter, or press ? or * to list all spells.
You turn into a venomous arachnid creature.
You lose your grip on the orc warrior.
The orc hits you with a mace!
* * * LOW HITPOINT WARNING * * *
The orc warrior hits you with a hand axe!!
You die...

# #.#### . ....##### #
#. .......
#.#.####..#.#
#o..........### #
#.o............ .#
##o...†.###.(##
#so...............
#(∩......##....(..
##)$......##..###..
#..............<......
#####............###..
##...#............
##.##.......###..
#.##...[...###..
#...............


You could see an orc warrior and an orc.

Vanquished Creatures
  Prince Ribbit (D:5)
  Sigmund (D:6)
  An orc warrior (D:5)
  An ice beast (D:4)
  A sky beast (D:6)
  A phantom (D:6)
  3 ogres
  A centaur (D:8)
  3 giant frogs
  5 killer bees (D:7)
  4 hounds
  An orc priest (D:6)
  A centaur skeleton (D:5)
  2 iguanas
  A worker ant (D:5)
  6 orc wizards
  4 gnolls
  4 adders
  3 oozes
  3 worms
  2 dart slugs (D:1)
  4 giant geckos
  18 orcs
  2 giant cockroaches
  7 goblins
  5 hobgoblins
  5 quokkas
  5 bats
  4 giant newts
  A jackal skeleton (D:6)
  9 kobolds
  A quokka skeleton (D:7)
  7 rats
117 creatures vanquished.

Notes
Turn   | Place    | Note
--------------------------------------------------------------
     0 | D:1      | Alarkh the Octopode Transmuter began the quest for the Orb.
     0 | D:1      | Reached XP level 1. HP: 13/13 MP: 3/3
   257 | D:1      | Reached XP level 2. HP: 8/18 MP: 3/5
   707 | D:1      | Reached XP level 3. HP: 13/23 MP: 3/6
   849 | D:1      | Learned a level 3 spell: Spider Form
  1161 | D:1      | Reached skill level 4 in Unarmed Combat
  1548 | D:2      | Reached XP level 4. HP: 16/29 MP: 3/7
  1790 | D:2      | Found a glowing golden altar of the Shining One.
  1791 | D:2      | Found a shattered altar of Ashenzari.
  1989 | D:2      | Found a snail-covered altar of Cheibriados.
  2815 | D:3      | Noticed an ogre
  2826 | D:3      | Killed an ogre
  2826 | D:3      | Reached skill level 5 in Unarmed Combat
  2826 | D:3      | Reached XP level 5. HP: 35/35 MP: 4/8
  3097 | D:4      | Found a staircase to the Ecumenical Temple.
  3106 | Temple   | Entered the Ecumenical Temple
  3198 | Temple   | Became a worshipper of Warmaster Okawaru
  3581 | D:4      | Reached XP level 6. HP: 37/42 MP: 7/9
  3715 | D:4      | Found a bloodstained altar of Trog.
  3794 | D:4      | Noticed an ice beast
  3805 | D:4      | Killed an ice beast
  3805 | D:4      | Reached skill level 6 in Unarmed Combat
  4029 | D:5      | Entered Level 5 of the Dungeon
  4078 | D:5      | Reached * piety under Okawaru
  4122 | D:5      | Found an ancient bone altar of Kikubaaqudgha.
  4123 | D:5      | Found a shimmering altar of Xom.
  4124 | D:5      | Found a glowing silver altar of Zin.
  4139 | D:5      | Found a radiant altar of Vehumet.
  4203 | D:5      | Identified the Reference Book on Cloudy Contamination
  4281 | D:5      | Reached XP level 7. HP: 30/47 MP: 6/10
  4353 | D:5      | Noticed Prince Ribbit
  4564 | D:5      | HP: 2/47 [Prince Ribbit (19)]
  4583 | D:5      | Killed Prince Ribbit
  4583 | D:5      | Reached skill level 7 in Unarmed Combat
  5127 | D:5      | Reached ** piety under Okawaru
  5127 | D:5      | Reached XP level 8. HP: 35/54 MP: 11/11
  5349 | D:5      | Reached skill level 8 in Unarmed Combat
  5405 | D:6      | Learned a level 6 spell: Deflect Missiles
  5472 | D:5      | Reached skill level 5 in Fighting
  5802 | D:6      | Noticed Sigmund
  5908 | D:6      | Killed Sigmund
  6224 | D:6      | Got a heavily runed steel ring
  6362 | D:6      | Reached skill level 9 in Unarmed Combat
  6543 | D:6      | Reached *** piety under Okawaru
  6627 | D:7      | Reached XP level 9. HP: 36/62 MP: 10/12
  6662 | D:7      | Found a stormy altar of Qazlal.
  6734 | D:7      | Noticed herpmino's ghost (novice VSGl)
  7140 | D:7      | Identified the ring of the Frog {rF+ Int+3 Stlth-} (You found it on level 6 of the Dungeon)
  7281 | D:8      | Found Beezec's Jewellery Shoppe.
  7325 | D:8      | Slain by an orc warrior

Skill      XL: |  1  2  3  4  5  6  7  8  9 |
---------------+----------------------------+-----
Unarmed Combat | 4 5 6 7 9 |  9.8
Fighting       | 2 3 4 5 6 |  6.2
Dodging        | 3 4 |  4.4
Spellcasting   | |  2.0
Transmutations | |  2.0

Action                   |  1- 3 |  4- 6 |  7- 9 || total
-------------------------+-------+-------+-------++-------
Melee: Unarmed           |    74 |   117 |   202 ||   393
       Kick              |    13 |    15 |     4 ||    32
       Constrict         |    10 |    14 |     7 ||    31
       Tentacles         |    10 |    13 |     7 ||    30
       Punch             |     2 |     2 |     6 ||    10
 Cast: Beastly Appendage |    19 |    14 |     2 ||    35
       Spider Form       |       |    10 |    23 ||    33
Invok: Heroism           |       |       |     2 ||     2
  Use: Scroll            |       |     6 |     6 ||    12
       Potion            |       |       |     6 ||     6
 Stab: Sleeping          |     3 |     3 |       ||     6
  Eat: Chunk             |     2 |    10 |    15 ||    27
Armor: Skin              |     4 |     4 |    10 ||    18
Dodge: Dodged            |    35 |    78 |   133 ||   246
